 Dungeon Crawl Stone Soup version 0.20-a0-555-gf6ae02d (webtiles) character file.

336 Devintownsend the Chopper (level 6, 0/55 HPs)
             Began as a Minotaur Fighter on Feb 3, 2017.
             Slain by a slave (2 damage)
             ... led by Pikel
             ... on level 4 of the Dungeon.
             The game lasted 00:09:47 (2427 turns).

Devintownsend the Chopper (Minotaur Fighter)        Turns: 2427, Time: 00:09:49

Health: 0/55       AC:  7    Str: 23    XL:     6   Next: 28%
Magic:  4/5        EV:  7    Int:  5    God:
Gold:   158        SH:  9    Dex:  9    Spells: 5/5 levels left

rFire    . . .     SeeInvis .   a - +0 war axe
rCold    . . .     Gourm    .   b - +0 scale mail
rNeg     . . .     Faith    .   c - +0 shield
rPois    .         Spirit   .   (helmet restricted)
rElec    .         Reflect  .   (no cloak)
rCorr    .         Harm     .   (no gloves)
MR       .....                  (no boots)
Stlth    ..........             (no amulet)
Regen    0.2/turn               (no ring)
                                (no ring)

@: no status effects
A: retaliatory headbutt, horns 2
a: no special abilities


You were on level 4 of the Dungeon.
You were not hungry.

You visited 1 branch of the dungeon, and saw 4 of its levels.

You collected 158 gold pieces.

Inventory:

Hand Weapons
 a - a +0 war axe (weapon)
Armour
 b - a +0 scale mail (worn)
 c - a +0 shield (worn)
Jewellery
 j - an uncursed ring of protection from cold {unknown}
 n - an uncursed amulet of the gourmand {unknown}
 r - an uncursed amulet of harm {unknown}
Wands
 w - a wand of iceblast (3/15)
Scrolls
 e - 3 scrolls of remove curse {unknown}
 k - 9 scrolls of identify {unknown}
 l - 3 scrolls of enchant weapon {unknown}
 o - a scroll of fear {unknown}
 p - 2 scrolls of enchant armour {unknown}
 t - 2 scrolls of teleportation {unknown}
 v - a scroll of random uselessness {unknown}
Potions
 d - 2 potions of might
 g - a potion of ambrosia {unknown}
 h - a potion of heal wounds {unknown}
 i - 3 potions of degeneration {unknown}
 m - 2 potions of curing {unknown}
 s - 4 potions of cancellation {unknown}
 u - a potion of haste {unknown}
Comestibles
 f - 3 bread rations
 q - 5 fruits
 x - a royal jelly
 z - a chunk of flesh


   Skills:
 + Level 4.8 Fighting
 + Level 6.0 Axes
 + Level 5.5 Armour
 - Level 3.6 Shields


You had 5 spell levels left.
You didn't know any spells.

Dungeon Overview and Level Annotations

Branches:
Dungeon (4/15)
 Temple: D:4-7

Altars:
Trog

Annotations:
D:4 Pikel


Innate Abilities, Weirdness & Mutations

You reflexively headbutt those who attack you in melee.
You have a pair of horns on your head.


Message History

You hit the slave but do no damage. You headbutt the slave!
The slave is severely wounded.
You hit Pikel but do no damage. You closely miss the slave. x2
The slave hits you! The slave hits you. The slave barely misses you.
Pikel hits you with a whip of electrocution.
You are electrocuted!
You block the slave's attack.
You hit Pikel but do no damage. You closely miss the slave. You hit the slave.
You hit the slave but do no damage. You closely miss the slave.
The slave hits you but does no damage. You block the slave's attack.
The slave barely misses you. Pikel waves his whip at you.
Pikel hits you with a whip of electrocution.
* * * LOW HITPOINT WARNING * * *
You block the slave's attack. The slave hits you.
* * * LOW HITPOINT WARNING * * *
You block the slave's attack.
Pikel hits you with a whip of electrocution.
* * * LOW HITPOINT WARNING * * *
The slave hits you.
You die...

##..................
#..................
#.......#####....##
#.................#
####.##...........)
########.#....#.......#
#...........###.##..###
#....K.....###.......#
#....p@p..#.....####.#
#....pp...#.###.# #(#
#....(..#...##..#......
########..%#...##......
#...##.####......
#.#.##....#......
#.#..##)..##..... #
..##.)...##.... #
#.8...8.#....


You could see Pikel and 4 slaves.

Vanquished Creatures
  An eye of draining (D:4)
  A hound (D:4)
  A centaur skeleton (D:4)
  An orc priest (D:4)
  4 gnolls (D:4)
  2 adders (D:4)
  An ooze (D:1)
  4 worms
  2 leopard geckos (D:2)
  8 orcs (D:4)
  9 bats
  7 giant cockroaches
  12 goblins
  6 hobgoblins
  5 jackals (D:2)
  2 quokkas
  2 frilled lizards
  8 kobolds
  11 rats
87 creatures vanquished.

Notes
Turn   | Place    | Note
-------+----------+-------------------------------------------
     0 | D:1      | Devintownsend the Minotaur Fighter began the quest for the Orb.
     0 | D:1      | Reached XP level 1. HP: 19/19 MP: 0/0
     2 | D:1      | Noticed a dwarf
     2 | D:1      | Noticed a felid
     4 | D:1      | Noticed a tengu
     6 | D:1      | Noticed a naga
     6 | D:1      | Noticed a halfling
     8 | D:1      | Noticed a troll
    10 | D:1      | Noticed a human
    10 | D:1      | Noticed an ogre
    12 | D:1      | Noticed a ghoul
    12 | D:1      | Noticed an elf
    14 | D:1      | Noticed a vampire
    14 | D:1      | Noticed a demigod
    16 | D:1      | Noticed a draconian
    16 | D:1      | Noticed a formicid
    18 | D:1      | Noticed an octopode
    18 | D:1      | Noticed a minotaur
    20 | D:1      | Noticed a vine stalker
    22 | D:1      | Noticed a spriggan
    22 | D:1      | Noticed a merfolk
    24 | D:1      | Noticed a demonspawn
    26 | D:1      | Noticed a centaur
    26 | D:1      | Noticed a gargoyle
   144 | D:1      | Reached XP level 2. HP: 25/27 MP: 1/1
   652 | D:2      | Reached XP level 3. HP: 32/33 MP: 2/2
   720 | D:2      | Reached skill level 3 in Axes
  1385 | D:3      | Reached XP level 4. HP: 39/40 MP: 3/3
  1794 | D:4      | Reached skill level 4 in Axes
  1794 | D:4      | Reached skill level 5 in Armour
  1819 | D:4      | Reached XP level 5. HP: 34/46 MP: 4/4
  1941 | D:4      | Reached skill level 5 in Axes
  2380 | D:4      | Found a bloodstained altar of Trog.
  2381 | D:4      | Noticed an eye of draining
  2393 | D:4      | Killed an eye of draining
  2393 | D:4      | Reached skill level 6 in Axes
  2393 | D:4      | Reached XP level 6. HP: 55/55 MP: 1/5
  2406 | D:4      | Noticed a slave
  2420 | D:4      | Noticed a slave
  2421 | D:4      | Noticed Pikel
  2421 | D:4      | Noticed a slave
  2422 | D:4      | Noticed a slave
  2427 | D:4      | HP: 2/55 [Pikel/whip of electrocution (6)]
  2427 | D:4      | Slain by a slave

Vault maps used:
D:1:      kb_arrival_jail
D:2:      first_bread
D:4:      trog_eyes_of_draining, uniq_pikel

Skill      XL: |  1  2  3  4  5 |
---------------+----------------+-----
Armour         | 4 5 |  5.5
Fighting       | 4 |  4.8
Axes           | 3 4 6 |  6.0
Shields        | |  3.6

Action                   |  1- 3 |  4- 6 || total
-------------------------+-------+-------++-------
Melee: War axe           |   115 |    90 ||   205
       Headbutt          |    18 |    14 ||    32
  Eat: Chunk             |     2 |     3 ||     5
Armor: Scale mail        |    57 |    48 ||   105
Dodge: Dodged            |    44 |    32 ||    76
Block: Shield            |    60 |    51 ||   111
